 Dungeon Crawl Stone Soup version 0.28-a0-1447-ga5a8893891 (webtiles) character file.

Game seed: 10571818150426848440

2562 derath95 the Skirmisher (level 9, -2/69 HPs)
             Began as a Demonspawn Fighter on Jan 11, 2022.
             Was an Elder of Qazlal.
             Slain by a large abomination (27 damage)
             ... on level 2 of the Abyss.
             The game lasted 00:18:50 (6145 turns).

derath95 the Skirmisher (Demonspawn Fighter)        Turns: 6145, Time: 00:18:51

Health: -2/69      AC: 13    Str: 21    XL:     9   Next: 31%
Magic:  10/15      EV:  4    Int: 10    God:    Qazlal [****..]
Gold:   295        SH: 17    Dex: 24    Spells: 17/17 levels left

rFire   . . .      SeeInvis +   p - +8 rapier of Inoun {freeze, Will+ SInv}
rCold   . . .      Faith    .   q - +0 kite shield
rNeg    . . .      Spirit   .   u - +0 plate armour
rPois   .          Reflect  .   (no helmet)
rElec   .          Harm     .   s - +0 cloak
rCorr   .          Rampage  .   (no gloves)
Will    +....                   (no boots)
Stlth   +.........              (no amulet)
HPRegen 0.21/turn               i - +6 ring of dexterity
MPRegen 0.14/turn               j - +4 ring of slaying

@: repel missiles
A: hooves 1, thin skeletal structure 3, powered by death 2
a: Renounce Religion, Upheaval, Elemental Force


You were on level 2 of the Abyss.
You worshipped Qazlal.
Qazlal was greatly pleased with you.
You visited 2 branches of the dungeon, and saw 8 of its levels.
You visited the Abyss 1 time.
You also visited: Sewer.

You collected 295 gold pieces.

Inventory:

Hand Weapons
 a - a +0 war axe of draining
 o - the +7 trident "Girha" {vorpal, Str+2}
   (You found it on level 5 of the Dungeon)

   It inflicts extra damage upon your enemies.
   Str:       It affects your strength (+2).
 p - the +8 rapier of Inoun (weapon) {freeze, Will+ SInv}
   (You found it in a sewer)

   It freezes those it strikes, dealing additional cold damage.
   It can also slow down cold-blooded creatures.
   SInv:      It lets you see invisible.
   Will:      It increases your willpower.
 r - a +2 vorpal flail
Armour
 q - a +0 kite shield (worn)
 s - a +0 cloak (worn)
 u - a +0 plate armour (worn)
Jewellery
 i - a +6 ring of dexterity (left hand)
 j - a +4 ring of slaying (right hand)
 k - a ring of poison resistance
Wands
 n - a wand of flame (23)
Scrolls
 f - 2 scrolls of magic mapping
 g - 5 scrolls of identify
Potions
 d - a potion of might
 e - a potion of haste
 h - 3 potions of flight
 l - 2 potions of curing
 t - a potion of lignification {unknown}


   Skills:
 + Level 5.9 Fighting
 + Level 5.1(5.9) Axes
 + Level 4.4(5.5) Maces & Flails
 + Level 5.4 Armour
 + Level 5.3 Shields
 + Level 4.6 Spellcasting


You had 17 spell levels left.
You didn't know any spells.
Your spell library contained the following spells:

 Spells                   Type           Power      Damage    Failure   Level
 Call Canine Familiar     Summ           2%         N/A       100%        3
 Portal Projectile        Hex/Tloc       4%         N/A       100%        3
 Summon Guardian Golem    Hex/Summ       2%         N/A       100%        3
 Leda's Liquefaction      Hex/Erth       1%         N/A       100%        4
 Orb of Destruction       Conj           1%         N/A       100%        7
 Spellforged Servitor     Conj/Summ      1%         N/A       100%        7


Dungeon Overview and Level Annotations

Branches:
Dungeon (7/15)             Temple (1/1) D:6           Sewer (visited)

Altars:
Cheibriados
Fedhas
Gozag
Kikubaaqudgha
Makhleb
Nemelex Xobeh
Okawaru
Qazlal
Sif Muna
Trog
Uskayaw
Vehumet
Xom
The Shining One

Annotations:
D:5 enile's ghost, novice MiWn


Innate Abilities, Weirdness & Mutations

You have large cloven feet.
You have an unnaturally thin skeletal structure. (Dex +6, Stealth+++)
You regenerate health from kills.


Message History

You see here a +0 short sword.
You see here a +0 chain mail.
The orc suddenly jeers.
You open the gate. You completely miss enile's ghost.
You kick enile's ghost, but do no damage.
You block enile's ghost's attack. You block the ice beast's attack.
Enile's ghost hits you but does no damage.
You blink.
Enile's ghost hits you but does no damage.
Space warps horribly around you!! You block the ice beast's attack.
You hit enile's ghost. You freeze enile's ghost.
You kick enile's ghost, but do no damage.
Enile's ghost is lightly damaged.
Enile's ghost hits you but does no damage.
Space warps around you. You block the ice beast's attack.
You hit enile's ghost. You freeze enile's ghost.
You kick enile's ghost, but do no damage.
Enile's ghost is moderately damaged.
Enile's ghost droops like a melted candle.
Enile's ghost hits you!
You are cast into the Abyss!
This branch contains the abyssal rune of Zot.
A large abomination comes into view.
Found a gateway leading deeper into the Abyss.
A large abomination comes into view.
The great orb of eyes gazes at you.
You are confused.
You hear a screech!
The great orb of eyes gazes at you.
You feel your power leaking away. The great orb of eyes bites you!
The great orb of eyes gazes at you.
You easily resist.
The great orb of eyes bites you!
You feel less confused.
The large abomination is engulfed in freezing vapours.
You block the large abomination's attack.
The large abomination hits you!!
You die...

#.#.... ....#..
............... .
......... .......
............... .. #
#..... .....# ....
..
##..>###...###...#
#.#....§#.....#... .
#...☼☼.G............
#....☼@X............
#......X○...........
#.#.....#○....#....
. ##...###...## ...
#.....# ....#..
................
...##..##..#.##..#
.#.###.#.##.#.# ###
.# ....##.####


You could see a great orb of eyes and 2 large abominations.

Vanquished Creatures
  A hornet (D:7)
  A steam dragon (D:6)
  A water moccasin (D:6)
  An orc warrior (D:7)
  2 black bears
  An ice beast (D:5)
  3 necrophages
  2 phantoms
  4 bullfrogs
  A gnoll sergeant (D:7)
  2 water moccasin skeletons
  A bullfrog zombie (D:6)
  4 orc priests
  2 hounds
  3 centaur skeletons
  2 bullfrog skeletons
  Jessica (D:2)
  An iguana (D:6)
  3 orc wizards
  Robin (D:3)
  A howler monkey zombie (D:6)
  14 gnolls
  11 adders
  A shadow imp (D:7)
  An ufetubus (D:5)
  4 worms
  22 orcs
  8 endoplasms
  12 giant cockroaches
  14 goblins
  13 hobgoblins
  2 jackals (D:3)
  13 quokkas
  14 ball pythons
  6 bats
  10 frilled lizards
  6 kobolds
  4 rats
193 creatures vanquished.

Notes
Turn   | Place    | Note
-------+----------+-------------------------------------------
     0 | D:1      | derath95 the Demonspawn Fighter began the quest for the
                  | Orb.
     0 | D:1      | Reached XP level 1. HP: 18/18 MP: 1/1
   228 | D:1      | Gained mutation: You have large cloven feet. [demonic
                  | ancestry]
   228 | D:1      | Reached XP level 2. HP: 24/24 MP: 2/2
   437 | D:1      | Found a faded altar of an unknown god.
   444 | D:1      | Prayed at the altar of an unknown god.
   444 | D:1      | Became a worshipper of Qazlal Stormbringer
   444 | D:1      | Reached * piety under Qazlal
   494 | D:1      | Gained mutation: You have a somewhat thin skeletal
                  | structure. (Dex +2, Stealth+) [demonic ancestry]
   494 | D:1      | Reached XP level 3. HP: 29/29 MP: 4/4
   698 | D:1      | Reached skill level 1 in Spellcasting
   905 | D:1      | Reached skill level 1 in Maces & Flails
  1098 | D:2      | Noticed Jessica
  1252 | D:2      | Reached ** piety under Qazlal
  1265 | D:2      | Reached XP level 4. HP: 30/35 MP: 5/5
  1410 | D:2      | Killed Jessica
  1640 | D:2      | Reached XP level 5. HP: 41/41 MP: 7/7
  1713 | D:3      | Noticed Robin
  1720 | D:3      | Killed Robin
  2020 | D:3      | Found a stormy altar of Qazlal.
  2079 | D:3      | Noticed a phantom
  2091 | D:3      | Killed a phantom
  2172 | D:3      | Found a bloodstained altar of Trog.
  2467 | D:4      | Gained mutation: You have a moderately thin skeletal
                  | structure. (Dex +4, Stealth++) [demonic ancestry]
  2467 | D:4      | Reached XP level 6. HP: 47/48 MP: 9/9
  2491 | D:4      | Reached *** piety under Qazlal
  2862 | D:4      | Gained mutation: You regenerate a little health from kills.
                  | [demonic ancestry]
  2862 | D:4      | Reached XP level 7. HP: 54/54 MP: 10/10
  3484 | D:5      | Entered Level 5 of the Dungeon
  3497 | D:5      | Found a runed translucent gate.
  3505 | D:5      | Found a runed translucent gate.
  3506 | D:5      | Found a runed translucent gate.
  3513 | D:5      | Noticed enile's ghost (novice MiWn)
  3589 | D:5      | Found a hide-covered altar of Uskayaw.
  3589 | D:5      | Noticed a +0 spear
  3589 | D:5      | Noticed a +0 spear
  3591 | D:5      | Noticed a +0 falchion
  3591 | D:5      | Noticed a +0 short sword
  3591 | D:5      | Noticed a +0 dagger
  3591 | D:5      | Noticed a +0 short sword
  3593 | D:5      | Noticed a +0 dagger
  3594 | D:5      | Noticed a +0 falchion
  4010 | D:5      | Identified the +7 trident "Girha" {vorpal, Str+2}
  4284 | D:5      | Gained mutation: You have an unnaturally thin skeletal
                  | structure. (Dex +6, Stealth+++) [demonic ancestry]
  4284 | D:5      | Reached XP level 8. HP: 61/61 MP: 12/12
  4421 | D:6      | Reached skill level 5 in Fighting
  4434 | D:6      | Found a staircase to the Ecumenical Temple.
  4618 | D:6      | Found a glowing drain.
  4637 | Sewer    | Entered a sewer
  4748 | Sewer    | Reached **** piety under Qazlal
  4888 | Sewer    | Identified the +8 rapier of Inoun {freeze, Will+ SInv}
  4930 | D:6      | Reached skill level 5 in Armour
  4930 | D:6      | Reached skill level 5 in Shields
  5008 | D:6      | Gained mutation: You regenerate health from kills. [demonic
                  | ancestry]
  5008 | D:6      | Reached XP level 9. HP: 68/68 MP: 15/15
  5383 | Temple   | Entered the Ecumenical Temple
  5566 | D:7      | Reached skill level 5 in Axes
  6108 | D:5      | Cast into level 2 of the Abyss (enile's ghost)
  6137 | Abyss:2  | Noticed a great orb of eyes
  6145 | Abyss:2  | Slain by a large abomination

Illustrated notes

Levels and vault maps discovered:
D:1:      minmay_arrival_radiant_lines, layout_basic,
          dilly_ecumenical_altar_fadedgnrine, nicolae_wormholes
D:2:      layout_basic, uniq_jessica
D:3:      layout_rooms, trog_butcher_becter, nicolae_qazlal_eye_of_the_storm,
          hangedman_decor_diamond_cutter, uniq_robin
D:4:      layout_basic, minmay_misc_feat_cross
D:5:      layout_basic, nicolae_uskayaw_en_pointe, gammafunk_ghost_split,
          dk_noncrumbling_3, lemuel_another_geyser
D:6:      layout_loops_ring, minmay_temple_entry_sparse_star,
          cheibrodos_sewer_entry_drain
D:7:      layout_rooms
Temple:   jpeg_temple_clearing
Abyss:2:  base:
Temple

Skill      XL: |  1  2  3  4  5  6  7  8  9 |
---------------+----------------------------+-----
Axes           | 2 3 4 5 |  5.1
Spellcasting   | 1 2 3 4 |  4.6
Armour         | 3 4 5 |  5.4
Maces & Flails | 1 2 3 4 |  4.4
Shields        | 3 4 5 |  5.3
Fighting       | 4 5 |  5.9

Action                   |  1- 3 |  4- 6 |  7- 9 || total
-------------------------+-------+-------+-------++-------
Melee: War axe           |    88 |    75 |   165 ||   328
       Kick              |    16 |    16 |    72 ||   104
       Rapier            |       |       |    47 ||    47
  Use: Potion            |       |     5 |       ||     5
       Scroll            |       |     2 |     3 ||     5
Armor: Scale mail        |    33 |    23 |    71 ||   127
       Plate armour      |       |       |     4 ||     4
Dodge: Dodged            |    32 |    27 |    77 ||   136
Block: Buckler           |    30 |    46 |   131 ||   207
       Kite shield       |       |       |    12 ||    12

Table legend: (Time is in decaauts)
 A = Elapsed time spent in this place.
 B = Non-inter-level travel time spent in this place.
 C = Inter-level travel time spent in this place.
 D = Time resting spent in this place.
 E = Time spent auto-exploring this place.
 F = Levels seen in this place.
 G = Mean time per level.
                   A        B        C        D        E       F      G
               +--------+--------+--------+--------+--------+-----+--------+
         Total |   6329 |   6293 |     36 |      0 |   4560 |  10 |  632.9 |
       Dungeon |   5794 |   5758 |     36 |      0 |   4410 |   7 |  827.7 |
        Temple |    138 |    138 |      0 |      0 |    109 |   1 |  138.0 |
         Abyss |     37 |     37 |      0 |      0 |      0 |   1 |   37.0 |
         Sewer |    359 |    359 |      0 |      0 |     41 |   1 |  359.0 |
               +--------+--------+--------+--------+--------+-----+--------+

Top non-repeatable levels by time:
     D:1: 1114 daAuts
     D:4: 1033 daAuts
     D:5: 925 daAuts
     D:6: 828 daAuts
     D:3: 763 daAuts
     D:2: 626 daAuts
     D:7: 502 daAuts
   Sewer: 359 daAuts
  Temple: 138 daAuts
 Abyss:2: 37 daAuts
